 Dungeon Crawl Stone Soup version 0.26.1-2-gb8aa6d0cf2 (webtiles) character file.

Game seed: 2690591073067758917

51527 FishyPogo the Martial Artist (level 14, -4/109 HPs)
             Began as a Gnoll Transmuter on Mar 1, 2021.
             Was a High Priest of Makhleb.
             Slain by Rupert
             ... wielding a +2 battleaxe of flaming
              (13 damage)
             ... on level 3 of the Lair of Beasts on Mar 2, 2021.
             The game lasted 01:39:59 (23235 turns).

FishyPogo the Martial Artist (Gnoll Transmuter)    Turns: 23235, Time: 01:39:59

Health: -4/109     AC: 26    Str: 13    XL:     14   Next: 60%
Magic:  34/38      EV: 11    Int: 24    God:    Makhleb [*****.]
Gold:   1932       SH:  0    Dex: 17    Spells: 8/34 levels left

rFire    . . .     SeeInvis .   b - +8 demon blade "Leech" {vamp, *Rage +Rage rN+}
rCold    + . .     Faith    .   (no shield)
rNeg     + + .     Spirit   .   F - +7 chain mail "Wurphowaf" {rC+}
rPois    .         Reflect  .   T - +3 hat of Pondering {ponderous, Will+ MP+10 Int+5}
rElec    .         Harm     .   q - +0 cloak
rCorr    .         Rampage  .   o - +1 pair of gloves
Will     ++...     Rnd*Rage +   f - +0 pair of boots
Stlth    +.........             (no amulet)
HPRegen  0.28/turn              j - ring of positive energy
MPRegen  0.26/turn              E - +4 ring of slaying

@: slow
A: distributed training, fangs 1, strong nose
a: Renounce Religion, Evoke Berserk Rage, Minor Destruction, Lesser Servant of
Makhleb, Major Destruction, Greater Servant of Makhleb


You were on level 3 of the Lair of Beasts.
You worshipped Makhleb.
Makhleb was extremely pleased with you.
You visited 3 branches of the dungeon, and saw 18 of its levels.
You also visited: Ice Cave.

You collected 2225 gold pieces.
You spent 293 gold pieces at shops.

Inventory:

Hand Weapons
 a - the +8 arbalest "Rixusi" {penet, rF+ Int+2}
   (You found it on level 9 of the Dungeon)

   Ammo fired by it passes through the targets it hits, potentially hitting all
   targets in its path until it reaches maximum range.
   It affects your intelligence (+2).
   It protects you from fire.
 b - the +8 demon blade "Leech" (weapon) {vamp, *Rage +Rage rN+}
   (You found it on level 2 of the Lair of Beasts)

   It inflicts no extra harm, but heals its wielder when it wounds a living foe.
   It protects you from negative energy.
   It lets you go berserk.
   It may make you go berserk in combat.
 w - a +6 long sword of flaming
 R - a +2 whip of holy wrath
Missiles
 k - 6 silver boomerangs
 p - 11 boomerangs (quivered)
 x - 6 boomerangs of dispersal
 I - 50 poisoned darts
 S - 114 sling bullets
 V - 36 bolts
Armour
 f - a +0 pair of boots (worn)
 o - a +1 pair of gloves (worn)
 q - a +0 cloak (worn)
 F - the +7 chain mail "Wurphowaf" (worn) {rC+}
   (You found it on level 5 of the Dungeon)

   It protects you from cold.
 L - a +2 robe of the Archmagi
 Q - the +1 chain mail of Integrity {+Fly rCorr}
   (You found it on level 9 of the Dungeon)

   It lets you fly.
   It provides partial protection from all sources of acid and corrosion.
 T - the +3 hat of Pondering (worn) {ponderous, Will+ MP+10 Int+5}
   (You found it on level 10 of the Dungeon)

   It affects your intelligence (+5).
   It affects your willpower, your defense against some magical effects.
   It affects your magic capacity (+10).
Magical Staves
 Z - an uncursed staff of poison
Jewellery
 g - a +6 ring of strength
 j - a ring of positive energy (left hand)
 m - an uncursed ring of fire
 y - an uncursed ring of resist corrosion
 E - a +4 ring of slaying (right hand)
 M - an uncursed ring of ice
 O - an uncursed ring of stealth
Wands
 D - a wand of polymorph (10)
 J - a wand of acid (6)
 K - a wand of digging (2)
 P - a wand of disintegration (13)
 X - a wand of flame (16)
 Y - a wand of enslavement (9)
Scrolls
 c - 5 scrolls of magic mapping
 e - 5 scrolls of remove curse
 i - 8 scrolls of identify
 A - 5 scrolls of teleportation
 C - a scroll of fear
 H - 2 scrolls of enchant weapon
Potions
 d - a potion of mutation
 n - a potion of flight
 r - 2 potions of attraction
 s - a potion of haste
 t - a potion of brilliance {unknown}
 u - 2 potions of magic
 v - 2 potions of might
 z - 3 potions of ambrosia
 G - 5 potions of curing
 N - 2 potions of lignification
Miscellaneous
 l - a condenser vane (inert)


   Skills:
 + Level 9.7 Fighting
 + Level 9.3 Short Blades
 + Level 9.3 Long Blades
 + Level 9.3 Axes
 + Level 9.3 Maces & Flails
 + Level 9.3 Polearms
 + Level 9.3 Staves
 + Level 9.3 Slings
 + Level 9.3 Bows
 + Level 9.3 Crossbows
 + Level 9.3 Throwing
 + Level 9.3 Armour
 + Level 10.4 Dodging
 + Level 9.3 Stealth
 + Level 9.3 Shields
 + Level 11.2 Unarmed Combat
 + Level 10.5 Spellcasting
 + Level 7.8 Conjurations
 + Level 7.8 Hexes
 + Level 7.8 Summonings
 + Level 7.8 Necromancy
 + Level 7.8 Translocations
 + Level 8.8 Transmutations
 + Level 7.8 Fire Magic
 + Level 7.8 Ice Magic
 + Level 7.8 Air Magic
 + Level 7.8 Earth Magic
 + Level 7.8 Poison Magic
 + Level 10.1 Invocations
 + Level 9.3 Evocations


You had 8 spell levels left.
You knew the following spells:

 Your Spells              Type           Power        Failure   Level
c - Vampiric Draining     Necr           25%          11%         3
i - Ice Form              Ice/Tmut       51%          28%         4
k - Blade Hands           Tmut           26%          54%         5
l - Summon Lightning Spi  Summ/Air       50%          34%         4
n - Animate Dead          Necr           25%          34%         4
s - Spider Form           Tmut/Pois      25%          9%          3
u - Wereblood             Tmut           53%          3%          2
y - Beastly Appendage     Tmut           100%         2%          1

Your spell library contained the following spells:

 Spells                   Type           Power        Failure   Level
 Animate Skeleton         Necr           100%         3%          1
 Apportation              Tloc           100%         3%          1
 Corona                   Hex            55%          3%          1
 Pain                     Necr           100%         3%          1
 Shock                    Conj/Air       100%         3%          1
 Summon Small Mammal      Summ           100%         3%          1
 Call Imp                 Summ           50%          5%          2
 Swiftness                Air            50%          5%          2
 Call Canine Familiar     Summ           50%          11%         3
 Lesser Beckoning         Tloc           25%          11%         3
 Static Discharge         Conj/Air       50%          11%         3
 Summon Guardian Golem    Hex/Summ       50%          11%         3
 Tukima's Dance           Hex            50%          11%         3
 Airstrike                Air            25%          34%         4
 Summon Ice Beast         Ice/Summ       50%          34%         4
 Alistair's Intoxication  Tmut/Pois      34%          63%         5
 Agony                    Necr           50%          69%         5
 Lightning Bolt           Conj/Air       25%          69%         5
 Invisibility             Hex            50%          99%         6
 Dragon Form              Tmut           26%          100%        7
 Orb of Destruction       Conj           25%          100%        7
 Spellforged Servitor     Conj/Summ      25%          100%        7
 Summon Hydra             Summ           25%          100%        7


Dungeon Overview and Level Annotations

Branches:
Dungeon (13/15)            Temple (0/1) D:4            Lair (3/6) D:9
 Shoals (0/4) Lair:3       Spider (0/4) Lair:2          Orc (2/2) D:9
    Elf (0/3) Orc:2        Vaults (0/5) D:13          IceCv (visited)

Altars:
Ashenzari
Cheibriados
Dithmenos
Gozag
Makhleb
Nemelex Xobeh
Trog
Xom
The Shining One

Shops:
D:7 (   D:12 ?   Orc:2 !:(}!

Annotations:
D:5 2 transporters, gnacko's ghost, amateur GrFi
D:8 3 runed translucent doors, kalagan's ghost, novice DECj
D:12 1 runed translucent door, exclusion: 4 orange crystal statues
Lair:3 Rupert
Orc:2 1 runed translucent door, Name63's ghost, journeyman DECj


Innate Abilities, Weirdness & Mutations

Your experience applies equally to all skills.
You have very sharp teeth.
Your uncanny sense of smell can sniff out nearby items.


Message History

The bolt of electricity hits Rupert!!
Rupert hits your lightning spire with a +2 battleaxe of flaming!!
Your lightning spire is destroyed!
Rupert hits you with a +2 battleaxe of flaming.
Rupert burns you.
You barely miss Rupert.
Rupert is severely wounded.
Rupert hits you with a +2 battleaxe of flaming!
* * * LOW HITPOINT WARNING * * *
Rupert burns you.
* * * LOW HITPOINT WARNING * * *
You feel much better.
Rupert hits you with a +2 battleaxe of flaming!
Rupert burns you.
You hit Rupert.
You feel better.
Your bite misses Rupert.
Rupert is severely wounded.
Rupert hits you with a +2 battleaxe of flaming!!
* * * LOW HITPOINT WARNING * * *
Rupert burns you!
You die...

######...#.# ...#... ...
.....#....######....... ...
.##.>......##.#.##...# ....
.P#.....#............## ###....
.....##...............# #......
...P..#..#............# ##..#
....................######...###
......##.......^@...##<.F.#....#
..#......P......@....#...#......#
.##.###..P.....................##
..#..#........#..##.####......#..
......................##....[..#.
.P.#....P#.....#.##..............
..............?####...(#....#....
..................#...#.....#....
.......................#(####....
.....†...#.............### #..P..


You could see Rupert (berserk).

Vanquished Creatures
  3 ogre magi (Orc:2)
  6 hydras
  A catoblepas (Lair:2)
  2 boulder beetles
  A centaur warrior (D:13)
  A dancing weapon (D:13)
  2 death yaks (Lair:3)
  The ghost of Linguinho the Blocker, a journeyman GrFi of Ashenzari (D:12)
  11 two-headed ogres
  A tengu warrior (D:13)
  Pikel (D:5)
  A deep elf mage (D:13)
  2 manticores
  An ugly thing (D:11)
  2 cyclopes
  3 black mambas (Lair:2)
  An ice statue (IceCv)
  A centaur skeleton (D:12)
  A gargoyle (D:10)
  9 cane toads
  2 torpor snails
  3 komodo dragons
  2 rime drakes (IceCv)
  7 trolls
  A wind drake (Lair:3)
  2 polar bears
  A hornet (Lair:2)
  3 blink frogs (Lair:1)
  2 dream sheep (Lair:2)
  Sigmund (D:6)
  2 wraiths
  A tarantella (Lair:2)
  A shadow (D:11)
  A nameless horror (IceCv)
  A vampire (D:12)
  6 wyverns
  3 basilisks
  27 yaks
  A warg (Orc:2)
  15 water moccasins
  9 orc warriors
  2 black bears (D:7)
  6 sky beasts
  19 ice beasts
  2 phantoms
  2 necrophages
  5 wolves
  28 ogres
  7 centaurs
  2 lemures (D:5)
  3 big kobolds
  10 bullfrogs
  A wyvern skeleton (D:7)
  3 jellies
  6 scorpions
  An electric eel (Lair:2)
  2 howler monkeys
  A centaur zombie (D:6)
  A hound (D:8)
  2 quasits
  8 orc priests
  A bullfrog zombie (D:8)
  3 bullfrog skeletons
  22 orc wizards
  2 gnoll shamans
  6 worker ants
  3 iguanas
  3 hell rats (Lair:2)
  A killer bee zombie (D:8)
  A hound zombie (D:5)
  A hound skeleton (D:7)
  8 gnolls
  8 adders
  4 white imps
  2 ufetubi
  An ooze (D:2)
  A worm (D:3)
  A dart slug (D:2)
  2 leopard geckos
  59 orcs
  14 giant cockroaches
  5 hobgoblins
  9 jackals
  4 quokkas
  A ball python zombie (D:5)
  9 bats
  6 frilled lizards
  17 goblins
  23 kobolds
  A quokka zombie (D:5)
  9 rats
480 creatures vanquished.

Vanquished Creatures (collateral kills)
  An ogre mage (Orc:2)
  2 ice dragons (IceCv)
  2 two-headed ogres (Orc:2)
  A death yak (Lair:3)
  A black mamba (Lair:2)
  An ice statue (IceCv)
  A cane toad (Lair:2)
  A komodo dragon (Lair:2)
  A blink frog (Lair:2)
  A basilisk (Lair:2)
  A water moccasin (Lair:2)
  5 ice beasts (IceCv)
  2 orc warriors (Orc:1)
  3 ogres
  A wyvern skeleton (D:11)
  An orc wizard (Orc:1)
  An orc priest (Orc:2)
  3 hell rats (Lair:2)
  5 orcs
34 creatures vanquished.

Vanquished Creatures (others)
  14 fungi
  32 plants
46 creatures vanquished.

Grand Total: 560 creatures vanquished

Notes
Turn   | Place    | Note
-------+----------+-------------------------------------------
     0 | D:1      | FishyPogo the Gnoll Transmuter began the quest for the Orb.
     0 | D:1      | Reached XP level 1. HP: 17/17 MP: 6/6
   348 | D:1      | Reached XP level 2. HP: 23/23 MP: 5/7
   663 | D:2      | Reached skill level 5 in Spellcasting
   663 | D:2      | Reached XP level 3. HP: 28/28 MP: 6/9
   685 | D:2      | Found a broken altar of Ashenzari.
   920 | D:2      | Reached skill level 1 in Invocations
   920 | D:2      | Found a burning altar of Makhleb.
   923 | D:2      | Became a worshipper of Makhleb the Destroyer
  1223 | D:1      | Reached skill level 1 in Short Blades
  1223 | D:1      | Reached skill level 1 in Long Blades
  1223 | D:1      | Reached skill level 1 in Axes
  1223 | D:1      | Reached skill level 1 in Maces & Flails
  1223 | D:1      | Reached skill level 1 in Polearms
  1223 | D:1      | Reached skill level 1 in Staves
  1223 | D:1      | Reached skill level 1 in Slings
  1223 | D:1      | Reached skill level 1 in Bows
  1223 | D:1      | Reached skill level 1 in Crossbows
  1223 | D:1      | Reached skill level 1 in Throwing
  1223 | D:1      | Reached skill level 1 in Armour
  1223 | D:1      | Reached skill level 1 in Stealth
  1223 | D:1      | Reached skill level 1 in Shields
  1223 | D:1      | Reached skill level 1 in Evocations
  1760 | D:2      | Reached XP level 4. HP: 34/34 MP: 9/11
  1791 | D:2      | Found a snail-covered altar of Cheibriados.
  2125 | D:2      | Learned a level 2 spell: Wereblood
  2129 | D:2      | Learned a level 3 spell: Spider Form
  2242 | D:3      | Reached * piety under Makhleb
  2243 | D:3      | Reached skill level 1 in Conjurations
  2243 | D:3      | Reached skill level 1 in Hexes
  2243 | D:3      | Reached skill level 1 in Summonings
  2243 | D:3      | Reached skill level 1 in Necromancy
  2243 | D:3      | Reached skill level 1 in Translocations
  2243 | D:3      | Reached skill level 1 in Fire Magic
  2243 | D:3      | Reached skill level 1 in Ice Magic
  2243 | D:3      | Reached skill level 1 in Air Magic
  2243 | D:3      | Reached skill level 1 in Earth Magic
  2243 | D:3      | Reached skill level 1 in Poison Magic
  2245 | D:3      | Reached XP level 5. HP: 20/40 MP: 9/12
  2529 | D:3      | Reached XP level 6. HP: 24/47 MP: 9/13
  3104 | D:3      | Found a bloodstained altar of Trog.
  3311 | D:3      | Reached skill level 5 in Dodging
  3887 | D:4      | Found a staircase to the Ecumenical Temple.
  3924 | D:4      | Reached XP level 7. HP: 42/52 MP: 12/15
  3929 | D:4      | Reached ** piety under Makhleb
  4367 | D:4      | Got a glimmering hunting sling
  4368 | D:4      | Identified the +7 hunting sling "Biutsece" {flame, *Contam
                  | Int+5} (You found it on level 4 of the Dungeon)
  4389 | D:5      | Entered Level 5 of the Dungeon
  4395 | D:5      | Reached skill level 7 in Unarmed Combat
  4427 | D:5      | Noticed gnacko's ghost (amateur GrFi)
  4434 | D:5      | Found a transporter.
  4439 | D:5      | Found a transporter.
  5029 | D:5      | Found a sparkling altar of Nemelex Xobeh.
  5029 | D:5      | Found a snail-covered altar of Cheibriados.
  5030 | D:5      | Found a glowing golden altar of the Shining One.
  5212 | D:5      | Reached XP level 8. HP: 45/60 MP: 12/16
  5305 | D:5      | Noticed Pikel
  5345 | D:5      | Killed Pikel
  5381 | D:5      | Got a bloodstained chain mail
  5382 | D:5      | Identified the +7 chain mail "Wurphowaf" {rC+} (You found
                  | it on level 5 of the Dungeon)
  5991 | D:6      | Reached skill level 5 in Transmutations
  5991 | D:6      | Reached XP level 9. HP: 66/66 MP: 14/18
  6073 | D:6      | Noticed Sigmund
  6080 | D:6      | Learned a level 4 spell: Ice Form
  6086 | D:6      | Learned a level 5 spell: Blade Hands
  6127 | D:6      | Killed Sigmund
  6657 | D:7      | Reached skill level 5 in Fighting
  6862 | D:7      | Found a shadowy altar of Dithmenos.
  6996 | D:7      | Found Isesaeff's Antique Weapon Boutique.
  7020 | D:7      | Reached *** piety under Makhleb
  7499 | D:8      | Reached skill level 8 in Unarmed Combat
  7513 | D:8      | You fall into a shaft and drop 2 floors!
  7513 | D:10     | Entered Level 10 of the Dungeon
  7580 | D:10     | Noticed a troll
  7628 | D:9      | Found a staircase to the Lair.
  7650 | D:9      | Reached skill level 5 in Invocations
  7741 | D:9      | Reached XP level 10. HP: 57/74 MP: 16/20
  7889 | D:9      | Noticed a manticore
  7947 | D:8      | Reached skill level 5 in Short Blades
  7947 | D:8      | Reached skill level 5 in Long Blades
  7947 | D:8      | Reached skill level 5 in Axes
  7947 | D:8      | Reached skill level 5 in Maces & Flails
  7947 | D:8      | Reached skill level 5 in Polearms
  7947 | D:8      | Reached skill level 5 in Staves
  7947 | D:8      | Reached skill level 5 in Slings
  7947 | D:8      | Reached skill level 5 in Bows
  7947 | D:8      | Reached skill level 5 in Crossbows
  7947 | D:8      | Reached skill level 5 in Throwing
  7947 | D:8      | Reached skill level 5 in Armour
  7947 | D:8      | Reached skill level 5 in Stealth
  7947 | D:8      | Reached skill level 5 in Shields
  7947 | D:8      | Reached skill level 5 in Evocations
  8128 | D:8      | Found a runed translucent gate.
  8129 | D:8      | Found a runed translucent gate.
  8130 | D:8      | Found a runed translucent gate.
  8131 | D:8      | Noticed an ice dragon
  8132 | D:8      | Found an opulent altar of Gozag.
  8134 | D:8      | Noticed kalagan's ghost (novice DECj)
  8266 | D:8      | Reached **** piety under Makhleb
  9283 | D:9      | Got a faintly humming chain mail
  9285 | D:9      | Got an ancient arbalest
  9308 | D:9      | Identified the cursed +1 chain mail of Integrity {+Fly
                  | rCorr} (You found it on level 9 of the Dungeon)
  9308 | D:9      | Identified the +8 arbalest "Rixusi" {penet, rF+ Int+2} (You
                  | found it on level 9 of the Dungeon)
  9335 | D:9      | Noticed a two-headed ogre
  9346 | D:9      | Killed a two-headed ogre
  9347 | D:9      | Reached skill level 9 in Unarmed Combat
  9347 | D:9      | Reached XP level 11. HP: 50/83 MP: 22/22
  9413 | D:10     | Reached skill level 5 in Conjurations
  9413 | D:10     | Reached skill level 5 in Hexes
  9413 | D:10     | Reached skill level 5 in Summonings
  9413 | D:10     | Reached skill level 5 in Necromancy
  9413 | D:10     | Reached skill level 5 in Translocations
  9413 | D:10     | Reached skill level 5 in Fire Magic
  9413 | D:10     | Reached skill level 5 in Ice Magic
  9413 | D:10     | Reached skill level 5 in Air Magic
  9413 | D:10     | Reached skill level 5 in Earth Magic
  9413 | D:10     | Reached skill level 5 in Poison Magic
  9664 | D:10     | Found the +3 hat of Pondering {ponderous, Will+ MP+10
                  | Int+5}
 10157 | D:7      | Bought a slimy whip for 157 gold pieces
 10157 | D:7      | Identified the +6 whip of Keicoy {flame, *Drain Str+4 Int+8
                  | SInv} (You bought it in a shop on level 7 of the Dungeon)
 10307 | D:9      | Reached ***** piety under Makhleb
 10363 | D:9      | Killed a manticore
 11343 | D:10     | Noticed a two-headed ogre
 11349 | D:10     | Killed a two-headed ogre
 11712 | D:11     | Got a translucent flail
 11713 | D:11     | Identified the +9 flail of the Big Fish {freeze, Int+6}
                  | (You found it on level 11 of the Dungeon)
 11814 | D:11     | Noticed a cyan ugly thing
 11818 | D:11     | Killed a cyan ugly thing
 12032 | D:11     | Noticed a cyclops
 12039 | D:11     | Killed a cyclops
 12463 | D:11     | Noticed a boulder beetle
 12484 | D:11     | Killed a boulder beetle
 12730 | D:11     | Reached XP level 12. HP: 91/91 MP: 24/24
 13127 | D:12     | Found a runed translucent door.
 13133 | D:12     | Found the +10 tower shield of Ignorance {rN+ Int-4}
 13148 | D:12     | Found a runed translucent door.
 13639 | D:12     | Noticed a five-headed hydra
 13655 | D:12     | Killed a five-headed hydra
 13802 | D:12     | Learned a level 4 spell: Animate Dead
 13806 | D:12     | Learned a level 3 spell: Vampiric Draining
 13865 | D:12     | Found a runed translucent door.
 13870 | D:12     | Noticed Linguinho's ghost (journeyman GrFi)
 13909 | D:12     | Killed Linguinho's ghost
 13918 | D:12     | Got a masterwork falchion
 13925 | D:12     | Identified the +3 falchion "Toucedwi" {venom, +Rage rC+
                  | Int+2} (You found it on level 12 of the Dungeon)
 14157 | D:12     | Found Goahif's Magic Scroll Emporium.
 14161 | D:12     | Bought a scroll of teleportation for 48 gold pieces
 14482 | D:13     | Noticed a tengu warrior
 14493 | D:13     | Killed a tengu warrior
 14816 | D:13     | Noticed a centaur warrior
 14832 | D:13     | Killed a centaur warrior
 15015 | D:13     | Found a gate to the Vaults.
 15064 | D:13     | Reached skill level 10 in Unarmed Combat
 15352 | D:9      | Found a staircase to the Orcish Mines.
 15452 | D:9      | Learned a level 4 spell: Summon Lightning Spire
 15683 | Lair:1   | Entered Level 1 of the Lair of Beasts
 16507 | Lair:2   | Reached XP level 13. HP: 98/98 MP: 26/26
 17118 | Lair:2   | Found a hole to the Spider Nest.
 18554 | Lair:2   | Found the +8 demon blade "Leech" {vamp, *Rage +Rage rN+}
 19076 | Lair:2   | Identified The Lost Secrets of Wizardry
 20378 | Orc:1    | Entered Level 1 of the Orcish Mines
 20565 | Orc:1    | Found a frozen archway.
 20824 | IceCv    | Entered an ice cave
 20830 | IceCv    | Reached skill level 10 in Spellcasting
 20875 | IceCv    | Reached ****** piety under Makhleb
 21420 | IceCv    | Noticed an ice dragon
 21420 | IceCv    | Noticed an ice dragon
 21432 | IceCv    | Killed an ice dragon
 21434 | IceCv    | Killed an ice dragon
 21879 | Orc:2    | Entered Level 2 of the Orcish Mines
 21879 | Orc:2    | Found a staircase to the Elven Halls.
 21885 | Orc:2    | Found a runed translucent door.
 21885 | Orc:2    | Found a shimmering altar of Xom.
 21885 | Orc:2    | Noticed Name63's ghost (journeyman DECj)
 21885 | Orc:2    | Identified the +10 war axe of Fee Simple {chaos, Will+
                  | Int+3}
 21951 | Orc:2    | Reached XP level 14. HP: 80/108 MP: 28/28
 22176 | Orc:2    | Reached skill level 10 in Dodging
 22187 | Orc:2    | Reached skill level 11 in Unarmed Combat
 22222 | Orc:2    | Reached skill level 10 in Invocations
 22296 | Orc:2    | Found Woiwa Cay's Distillery.
 22296 | Orc:2    | Found Juro's Gadget Boutique.
 22332 | Orc:2    | Found Nisian's Antique Weapon Boutique.
 22332 | Orc:2    | Found Vaur Zie's Book Shoppe.
 22339 | Orc:2    | Bought a potion of mutation for 88 gold pieces
 22431 | Orc:2    | Found Nyott's Distillery.
 22959 | Lair:3   | Found a staircase to the Shoals.
 23215 | Lair:3   | Noticed Rupert
 23215 | Lair:3   | Paralysed by Rupert for 2 turns
 23235 | Lair:3   | Slain by Rupert

Illustrated notes

Levels and vault maps discovered:
D:1:      minmay_arrival_split_and_join, layout_loops_ring, minmay_pentomino_u2
D:2:      layout_loops_ring, lemuel_crystal_altar, nicolae_ashenzari_panopticon,
          cheibriados_altar_1
D:3:      cheibrodos_greedy_goblins, layout_loops_cross, bloody_trog,
          serial_rivers, chequers_serial_rivers_micro_e,
          chequers_serial_rivers_room_a, chequers_serial_rivers_small_b,
          chequers_serial_rivers_room_a
D:4:      layout_rooms, minmay_temple_entry_slanted
D:5:      layout_basic, gammafunk_temple_overflow_claw, gammafunk_ghost_hive,
          st_stairs_11, minmay_ogre_servants, uniq_pikel
D:6:      layout_cave_pools, uniq_sigmund
D:7:      layout_loops_cross, serial_shops, nicolae_shop_behind_doors,
          grunt_dithmenos_smoke_and_mirrors
D:8:      layout_loops_corners, ebering_ghost_gozag,
          nicolae_straight_to_the_point
D:9:      minmay_curly_fans, layout_stronghold, minmay_lair_entry_grove
D:10:     layout_basic
D:11:     layout_loops_corners
D:12:     layout_roguey, serial_shops, shop, ebering_ghost_reflecting_pool,
          chequers_guarded_unrand_ignorance
D:13:     layout_loops_ring, erik_vaults_1
Lair:1:   layout_cellular_growth, beast_lair_carwin_9
Lair:2:   nzn_winding_woodlands_huge [nzn_winding_woodlands_5x15_eye,
          nzn_winding_woodlands_5x15_split_checker,
          nzn_winding_woodlands_5x15_longhouse,
          nzn_winding_woodlands_5x15_concentric,
          nzn_winding_woodlands_5x15_parted, nzn_winding_woodlands_5x15_zeroes,
          nzn_winding_woodlands_5x15_crooked, nzn_winding_woodlands_5x15_cabin,
          nzn_winding_woodlands_5x15_default, nzn_winding_woodlands_5x15_garden,
          nzn_winding_woodlands_center_lodge,
          nzn_winding_woodlands_center_triple_pond,
          nzn_winding_woodlands_15x15_eel_pit], layout_small_grid,
          spider_nest_entry_rubble
Lair:3:   layout_misc_corridors, minmay_shoals_entry_beasts,
          minmay_lair_oklob_chamber, uniq_rupert
Orc:1:    layout_caves, portal_ice_cave_entry_ice_beasts, uniq_snorg
Orc:2:    st_orc_ogre_mass, layout_caves, serial_shops, shop, ebering_ghost_xom

Skill      XL: |  1  2  3  4  5  6  7  8  9 10 11 12 13 14 |
---------------+-------------------------------------------+-----
Spellcasting   | 5 6 7 8 9 10 | 10.5
Invocations    | 1 2 3 4 5 6 7 8 9 10 | 10.1
Short Blades   | 1 2 3 4 5 6 7 8 9 |  9.3
Long Blades    | 1 2 3 4 5 6 7 8 9 |  9.3
Axes           | 1 2 3 4 5 6 7 8 9 |  9.3
Maces & Flails | 1 2 3 4 5 6 7 8 9 |  9.3
Polearms       | 1 2 3 4 5 6 7 8 9 |  9.3
Staves         | 1 2 3 4 5 6 7 8 9 |  9.3
Slings         | 1 2 3 4 5 6 7 8 9 |  9.3
Bows           | 1 2 3 4 5 6 7 8 9 |  9.3
Crossbows      | 1 2 3 4 5 6 7 8 9 |  9.3
Throwing       | 1 2 3 4 5 6 7 8 9 |  9.3
Armour         | 1 2 3 4 5 6 7 8 9 |  9.3
Stealth        | 1 2 3 4 5 6 7 8 9 |  9.3
Shields        | 1 2 3 4 5 6 7 8 9 |  9.3
Evocations     | 1 2 3 4 5 6 7 8 9 |  9.3
Conjurations   | 1 2 3 4 5 6 7 |  7.8
Hexes          | 1 2 3 4 5 6 7 |  7.8
Summonings     | 1 2 3 4 5 6 7 |  7.8
Necromancy     | 1 2 3 4 5 6 7 |  7.8
Translocations | 1 2 3 4 5 6 7 |  7.8
Fire Magic     | 1 2 3 4 5 6 7 |  7.8
Ice Magic      | 1 2 3 4 5 6 7 |  7.8
Air Magic      | 1 2 3 4 5 6 7 |  7.8
Earth Magic    | 1 2 3 4 5 6 7 |  7.8
Poison Magic   | 1 2 3 4 5 6 7 |  7.8
Fighting       | 3 4 5 6 7 8 9 |  9.7
Transmutations | 4 5 6 7 8 |  8.8
Dodging        | 5 6 7 8 9 10 | 10.4
Unarmed Combat | 7 8 9 10 11 | 11.2

Action                   |  1- 3 |  4- 6 |  7- 9 | 10-12 | 13-15 || total
-------------------------+-------+-------+-------+-------+-------++-------
Melee: Unarmed           |    79 |    86 |   127 |   233 |    30 ||   555
       Kick              |    12 |    25 |     3 |    17 |       ||    57
       Bite              |     2 |     6 |     2 |    28 |    38 ||    76
       Punch             |     2 |     3 |       |    11 |    21 ||    37
       Headbutt          |     3 |    12 |       |    11 |       ||    26
       Whip              |       |       |       |    48 |       ||    48
       Flail             |       |       |       |    11 |    11 ||    22
       Long sword        |       |       |       |     5 |    86 ||    91
       Demon blade       |       |       |       |       |    98 ||    98
 Fire: Hunting sling     |       |       |   123 |   120 |       ||   243
       Arbalest          |       |       |       |   144 |   154 ||   298
Throw: Boomerang         |       |     6 |       |     4 |     1 ||    11
 Cast: Beastly Appendage |    28 |    21 |     7 |    10 |       ||    66
       Wereblood         |       |     5 |     6 |    12 |     8 ||    31
       Spider Form       |       |     1 |    16 |     6 |       ||    23
       Blade Hands       |       |       |       |    12 |     5 ||    17
       Animate Dead      |       |       |       |     1 |    12 ||    13
       Summon Lightning  |       |       |       |       |    18 ||    18
Invok: Minor Destruction |       |       |     1 |    15 |     5 ||    21
       Lesser Servant of |       |       |       |       |     4 ||     4
       Major Destruction |       |       |       |       |     1 ||     1
 Abil: End Transformatio |     1 |       |     3 |     2 |       ||     6
Evoke: Wand              |       |       |       |       |     1 ||     1
       Condenser vane    |       |       |       |       |     2 ||     2
  Use: Scroll            |     2 |       |     9 |    12 |    12 ||    35
       Potion            |       |       |       |     4 |     6 ||    10
 Stab: Sleeping          |       |       |     2 |     2 |     3 ||     7
       Distracted        |       |       |       |     1 |     4 ||     5
Armor: Robe              |    13 |    10 |     9 |    42 |    27 ||   101
       Skin              |       |     1 |     2 |     8 |     4 ||    15
       Chain mail        |       |       |       |    23 |   137 ||   160
Dodge: Dodged            |    58 |    68 |   132 |   339 |   259 ||   856
       Rpst.: Long sword |       |       |       |     1 |    10 ||    11
       Demon blade       |       |       |       |       |    21 ||    21
